 Dungeon Crawl Stone Soup version 0.27-a0-828-g8289197e94 (webtiles) character file.

Game seed: 7144098906248828801

35 dickylongcocking the Insei (level 3, -1/23 HPs)
             Began as an Octopode Transmuter on Mar 30, 2021.
             Slain by an adder (5 damage)
             ... on level 2 of the Dungeon.
             The game lasted 00:00:43 (1723 turns).

dickylongcocking the Insei (Octopode Transmuter)    Turns: 1723, Time: 00:00:44

Health: -1/23      AC:  1    Str:  9    XL:     3   Next: 35%
Magic:  6/6        EV: 13    Int: 16    God:
Gold:   55         SH:  0    Dex: 12    Spells: 2/6 levels left

rFire    . . .     SeeInvis .     - Unarmed
rCold    . . .     Faith    .   (no shield)
rNeg     . . .     Spirit   .   (helmet restricted)
rPois    .         Reflect  .   (no amulet)
rElec    .         Harm     .   (no ring)
rCorr    .         Rampage  .   (no ring)
Will     .....                  (no ring)
Stlth    +++.......             (no ring)
HPRegen  0.07/turn              (no ring)
MPRegen  0.10/turn              (no ring)
                                (no ring)
                                (no ring)

@: lethally poisoned (-1 -> -14)
A: almost no armour, amphibious, 8 rings, camouflage 1, gelatinous body 1,
(nimble swimmer 1), tentacles
a: no special abilities


You were on level 2 of the Dungeon.
You visited 1 branch of the dungeon, and saw 2 of its levels.

You collected 55 gold pieces.

Inventory:

Scrolls
 a - 4 scrolls of identify {unknown}
 b - a scroll of magic mapping {unknown}


   Skills:
 - Level 1.0 Fighting
 - Level 2.0 Dodging
 * Level 1.5 Stealth
 * Level 3.7 Unarmed Combat
 - Level 2.1 Spellcasting
 * Level 2.4 Transmutations


You had 2 spell levels left.
You knew the following spells:

 Your Spells              Type           Power      Damage    Failure   Level
a - Beastly Appendage     Tmut           18%        N/A       8%          1
b - Spider Form           Tmut/Pois      2%         N/A       36%         3

Your spell library contained the following spells:

 Spells                   Type           Power      Damage    Failure   Level
 Wereblood                Tmut           9%         N/A       12%         2
 Animate Skeleton         Necr           2%         N/A       21%         1
 Apportation              Tloc           2%         N/A       21%         1
 Corona                   Hex            1%         N/A       21%         1
 Summon Small Mammal      Summ           4%         N/A       21%         1
 Ice Form                 Ice/Tmut       5%         N/A       77%         4
 Hydra Form               Tmut           4%         N/A       91%         5


Dungeon Overview and Level Annotations

Branches:
Dungeon (2/15)

Altars:


Innate Abilities, Weirdness & Mutations

You cannot wear most types of armour.
You are amphibious.
You can wear up to eight rings at the same time.
Your skin changes colour to match your surroundings (Stealth+).
Your rubbery body absorbs attacks. (AC +1, EV +1)
((You are camouflaged near water. (Stealth+)))
You have tentacles for arms and can constrict up to eight enemies at once.


Message History

You start memorising the spell.
You continue memorising. x3
You finish memorising.
Spell assigned to 'b'.
HP restored.
An adder comes into view.
An adder is nearby!
An adder is nearby!
An adder is nearby!
The helpless adder fails to defend itself.
You tentacle-slap the adder. Your grab misses the adder.
Your squeeze misses the adder.
The adder is lightly wounded.
The adder barely misses you.
You barely miss the adder. Your grab misses the adder.
The adder is lightly wounded.
The adder bites you.
You are poisoned.
The adder poisons you!
You barely miss the adder. Your grab misses the adder.
The adder is lightly wounded.
You feel sick. The adder closely misses you. The adder barely misses you.
You miss the adder. You grab the adder.
The adder is lightly wounded.
You constrict the adder.
You feel sick. The adder barely misses you.
You barely miss the adder.
The adder is lightly wounded.
You constrict the adder.
You feel sick. The adder bites you.
You are more poisoned.
The adder poisons you!
An adder is nearby!
You are too injured to fight recklessly!
You tentacle-slap the adder but do no damage.
The adder is lightly wounded.
You constrict the adder.
You feel sick. The adder bites you.
* * * LOW HITPOINT WARNING * * *
You tentacle-slap the adder but do no damage.
The adder is moderately wounded.
You constrict the adder.
* * * LOW HITPOINT WARNING * * *
You feel sick. The adder bites you.
You die...

# .# # .#
#.########.####
#..............
#...S.....#
#....@..#####
#######.#...#
#.#...# #.#...#
##.#...#
#......#
#......#
#......# .
#...##.###....


You could see an adder.

Vanquished Creatures
  A dart slug (D:1)
  6 ball pythons
  7 endoplasms
  A giant cockroach (D:1)
  3 hobgoblins (D:1)
  2 kobolds (D:1)
  2 quokkas
  4 bats
  A goblin (D:1)
  2 rats (D:1)
29 creatures vanquished.

Notes
Turn   | Place    | Note
-------+----------+-------------------------------------------
     0 | D:1      | dickylongcocking the Octopode Transmuter began the quest
                  | for the Orb.
     0 | D:1      | Reached XP level 1. HP: 13/13 MP: 3/3
   370 | D:1      | Reached XP level 2. HP: 8/18 MP: 3/5
  1325 | D:1      | Reached skill level 1 in Stealth
  1330 | D:1      | Reached XP level 3. HP: 18/23 MP: 6/6
  1649 | D:2      | Learned a level 3 spell: Spider Form
  1723 | D:2      | Slain by an adder

Illustrated notes

Levels and vault maps discovered:
D:1:      nagdon_arrival_double_spiral, layout_basic
D:2:      layout_basic, gammafunk_temple_overflow_pools,
          nicolae_overflow_crystal_walls, eino_curves_03, uniq_natasha

Skill      XL: |  1  2 |
---------------+-------+-----
Stealth        | 1 |  1.5
Fighting       | |  1.0
Dodging        | |  2.0
Unarmed Combat | |  3.7
Spellcasting   | |  2.1
Transmutations | |  2.4

Action                   || total
-------------------------++-------
Melee: Unarmed           ||    63
       Constrict         ||    13
       Kick              ||     4
       Tentacles         ||    11
 Cast: Beastly Appendage ||     5
 Stab: Sleeping          ||     7
Armor: Skin              ||     5
Dodge: Dodged            ||    30

Table legend: (Time is in decaauts)
 A = Elapsed time spent in this place.
 B = Non-inter-level travel time spent in this place.
 C = Inter-level travel time spent in this place.
 D = Time resting spent in this place.
 E = Time spent auto-exploring this place.
 F = Levels seen in this place.
 G = Mean time per level.
                   A        B        C        D        E       F      G
               +--------+--------+--------+--------+--------+-----+--------+
         Total |   1719 |   1674 |     45 |    196 |   1296 |   2 |  859.5 |
       Dungeon |   1719 |   1674 |     45 |    196 |   1296 |   2 |  859.5 |
               +--------+--------+--------+--------+--------+-----+--------+

Top non-repeatable levels by time:
     D:1: 1587 daAuts
     D:2: 131 daAuts
